 Dungeon Crawl Stone Soup version 0.15.0-23-gc2b521c (console) character file.

2936 gw the Cruncher (level 9, -4/79 HPs)
             Began as a Minotaur Gladiator on Sept 9, 2014.
             Was a Believer of Qazlal.
             Slain by a killer bee (5 damage)
             ... on Level 8 of the Dungeon.
             The game lasted 00:05:39 (9048 turns).

gw the Cruncher (Minotaur Gladiator)                Turns: 9048, Time: 00:05:39

HP  -4/79        AC  7     Str 18 (20) XL: 9   Next: 51%
MP  12/12        EV 10     Int  5      God: Qazlal [**....]
Gold 0           SH  3     Dex 14      Spells:  0 memorised,  8 levels left

rFire  . . .     SeeInvis .     a - +2 quarterstaff
rCold  . . .     Clarity  .     u - -4 ring mail of Weemiacw {Slay+4}
rNeg   + . .     rCorr    .     (no shield)
rPois  .         rRot     .     c - +2 hat
rElec  .         Spirit   .     (no cloak)
SustAb .         Warding  .     w - +2 pair of gloves
rMut   .         Stasis   .     (no boots)
Gourm  .                        q - amulet of faith
MR     .....                    (no ring)
                                b - ring of positive energy

@: lethally poisoned, not resistant to hostile enchantments, very unstealthy
A: retaliatory headbutt, horns 2, deterioration 1, low mp 1
a: Upheaval, Renounce Religion


You were on level 8 of the Dungeon.
You worshipped Qazlal.
Qazlal was pleased with you.
You were near starving.

You visited 1 branch of the dungeon, and saw 8 of its levels.

Inventory:

Hand weapons
 a - a +2 quarterstaff (weapon)
Missiles
 d - 3 throwing nets
 m - 168 stones (quivered)
Armour
 c - a +2 hat (worn)
 n - a +0 scale mail
 p - a cursed +0 ring mail
 u - the cursed -4 ring mail of Weemiacw (worn) {Slay+4}
   (You found it on level 6 of the Dungeon)

   It affects your accuracy and damage with ranged weapons and melee attacks
   (+4).
   It has a curse placed upon it.
 v - a +0 ring mail
 w - a +2 pair of gloves (worn)
 y - a +0 plate armour
 z - a cursed +0 ring mail
 A - a +0 ring mail
Magical devices
 e - a wand of disintegration (10)
 t - a wand of random effects (8)
Comestibles
 f - 2 bread rations
 h - 5 beef jerkies
 i - 2 royal jellies
 l - 3 meat rations
Scrolls
 g - 8 scrolls of identify
Jewellery
 b - a ring of positive energy (left hand)
 q - an amulet of faith (around neck)
Potions
 k - a potion of magic
 o - a potion of curing
 s - a potion of invisibility


   Skills:
 + Level 7.0 Fighting
 + Level 8.7 Staves
 + Level 5.7 Throwing
 + Level 6.0 Armour
 - Level 3.2 Dodging
 * Level 6.4 Invocations


You had 8 spell levels left.
You didn't know any spells.

Dungeon Overview and Level Annotations

Branches:
Dungeon (8/15)             Temple (0/1) D:4
   Lair: D:8-11

Altars:
Ashenzari
Cheibriados
Okawaru
Qazlal
Xom

Shops:
D:5 }[}[

Annotations:
D:7 exclusion: downstairs


Innate Abilities, Weirdness & Mutations

You reflexively headbutt those who attack you in melee.
You have a pair of horns on your head.
Your body is slowly deteriorating.
Your magical capacity is low (-10% MP).


Message History

The killer bee stings you but does no damage.
You block the killer bee's attack. The killer bee closely misses you.
The killer bee stings you.
You are lethally poisoned!
The killer bee poisons you!
The killer bee stings you but does no damage.
MOVING TO (2,-4)
You feel very sick. The killer bee barely misses you.
The killer bee stings you but does no damage.
The killer bee stings you.
You are more poisoned.
The killer bee poisons you! The killer bee closely misses you.
The killer bee stings you.
You see here a killer bee corpse {inedible}.
MOVING TO (2,-3)
You feel very sick. The killer bee closely misses you.
The killer bee stings you. The killer bee stings you!
The killer bee stings you.
You die...

#..._.......
#.......7.7.
#.........._
#....(..7.7.7
#....(.(.....
#(..(...#.7.7
#..<..........
#....<.##....
#.H....# ..
#yyy...+
#..%...#
##.....#
#.....#
#......#
#......#
#.......
#.......#


You could see 3 killer bees.

Table legend:
 A = Turns spent in this place as a percentage of turns spent in the entire game.
 B = Non-inter-level travel turns spent in this place as a percentage of non-inter-level travel turns spent in the entire game.
 C = Inter-level travel turns spent in this place as a percentage of turns spent in this place.
 D = Turns resting spent in this place as a percentage of non-inter-level travel turns spent in this place.
 E = Turns spent auto-exploring this place as a percentage of non-inter-level travel turns spent in this place.
 F = Non-inter-level travel turns spent in this place divided by the number of levels of this place that you've seen.
                   A       B       C       D       E      F
               +-------+-------+-------+-------+-------+----------------------
         Total | 100.0 | 100.0 |   2.2 |   4.4 |  10.5 | 368.1
       Dungeon | 100.0 | 100.0 |   2.2 |   4.4 |  10.5 | 368.1
               +-------+-------+-------+-------+-------+----------------------

Table legend:
 A = Kills in this place as a percentage of kills in entire the game.
 B = Kills by you in this place as a percentage of kills by you in the entire game.
 C = Kills by friends in this place as a percentage of kills by friends in the entire game.
 D = Other kills in this place as a percentage of other kills in the entire game.
 E = Experience gained in this place as a percentage of experience gained in the entire game.
 F = Experience gained in this place divided by the number of levels of this place that you have seen.
                   A       B       C       D       E      F
               +-------+-------+-------+-------+-------+----------------------
         Total | 100.0 | 100.0 |  -nan |  -nan | 100.0 | 524.4
       Dungeon | 100.0 | 100.0 |  -nan |  -nan | 100.0 | 524.4
               +-------+-------+-------+-------+-------+----------------------

Vanquished Creatures
  A cyclops (D:7)
  Grinder (D:3)
  Prince Ribbit (D:8)
  A hungry ghost (D:5)
  3 sky beasts
  An orc warrior (D:7)
  2 phantoms
  An ice beast (D:6)
  3 ogres
  3 scorpions
  2 quasits
  3 killer bees (D:8)
  2 crimson imps
  4 orc priests
  2 hounds
  A centaur skeleton (D:6)
  An iguana (D:7)
  3 orc wizards (D:5)
  5 worker ants
  A killer bee zombie (D:5)
  An ogre zombie (D:6)
  13 adders
  A giant mite (D:7)
  4 worms
  A goliath beetle zombie (D:7)
  An adder zombie (D:5)
  7 giant geckos
  13 orcs
  9 bats
  4 giant cockroaches
  17 goblins
  16 hobgoblins
  3 giant newts
  A goblin skeleton (D:5)
  15 jackals
  17 kobolds
  2 quokkas (D:5)
  9 rats
175 creatures vanquished.

Notes
Turn   | Place    | Note
--------------------------------------------------------------
     0 | D:1      | gw, the Minotaur Gladiator, began the quest for the Orb.
     0 | D:1      | Reached XP level 1. HP: 18/18 MP: 1/1
   235 | D:1      | Reached skill level 4 in Staves
   242 | D:1      | Reached XP level 2. HP: 19/25 MP: 1/1
  1223 | D:2      | Reached XP level 3. HP: 30/30 MP: 2/2
  1769 | D:2      | Reached skill level 1 in Armour
  1864 | D:2      | Reached XP level 4. HP: 38/38 MP: 2/2
  1913 | D:2      | Reached skill level 5 in Staves
  2110 | D:2      | Found a snail-covered altar of Cheibriados.
  2234 | D:3      | Noticed Grinder
  2249 | D:3      | Killed Grinder
  2249 | D:3      | Reached skill level 6 in Staves
  2249 | D:3      | Reached XP level 5. HP: 26/46 MP: 2/2
  2249 | D:3      | Reached XP level 6. HP: 29/52 MP: 3/3
  4161 | D:4      | Found a stormy altar of Qazlal.
  4166 | D:4      | Became a worshipper of Qazlal Stormbringer
  4263 | D:4      | Reached XP level 7. HP: 58/60 MP: 3/3
  4304 | D:4      | Reached skill level 1 in Invocations
  4473 | D:4      | Found a staircase to the Ecumenical Temple.
  4599 | D:4      | Reached skill level 7 in Staves
  5035 | D:5      | Entered Level 5 of the Dungeon
  5060 | D:5      | Found Xanetuyd's Armour Emporium.
  5108 | D:5      | Reached skill level 5 in Fighting
  5242 | D:5      | Acquired Qazlal's first power
  5329 | D:5      | Reached XP level 8. HP: 25/68 MP: 7/7
  5605 | D:5      | Found Skofruc's Gadget Shoppe.
  5902 | D:5      | Found Axtoh's Gadget Emporium.
  6183 | D:5      | Found Onos' Armour Boutique.
  6463 | D:6      | Found a shattered altar of Ashenzari.
  6580 | D:6      | Reached skill level 5 in Throwing
  6614 | D:6      | Acquired Qazlal's second power
  6765 | D:6      | Reached skill level 8 in Staves
  6793 | D:6      | Got a dazzling ring mail
  6804 | D:6      | Identified the cursed -4 ring mail of Weemiacw {Slay+4} (You found it on level 6 of the Dungeon)
  6916 | D:6      | Reached skill level 5 in Armour
  6963 | D:6      | Reached skill level 5 in Invocations
  7359 | D:6      | Gained mutation: Your body is slowly deteriorating. [potion of mutation]
  7359 | D:6      | Gained mutation: Your magical capacity is low (-10% MP). [potion of mutation]
  7399 | D:7      | Noticed a cyclops
  7419 | D:7      | Killed a cyclops
  7419 | D:7      | Reached XP level 9. HP: 31/78 MP: 2/10
  8540 | D:8      | Found an iron altar of Okawaru.
  8540 | D:8      | Found a shimmering altar of Xom.
  8540 | D:8      | Noticed Prince Ribbit
  8563 | D:8      | Killed Prince Ribbit
  9048 | D:8      | HP: 1/79 [killer bee (7)]
  9048 | D:8      | Slain by a killer bee

Action                   |  1- 3 |  4- 6 |  7- 9 || total
-------------------------+-------+-------+-------++-------
Melee: Quarterstaff      |    64 |   100 |   197 ||   361
Throw: Stone             |    31 |    81 |   175 ||   287
       Tomahawk          |       |    16 |    44 ||    60
Invok: Upheaval          |       |       |     2 ||     2
Evoke: Wand              |       |       |    11 ||    11
  Use: Scroll            |     5 |     4 |    10 ||    19
       Potion            |     3 |     4 |     6 ||    13
  Eat: Chunk             |     3 |     7 |    15 ||    25

Vault maps used:
D:1:      mrwooster_arrival_statue
D:2:      cheibriados_altar_1
D:3:      minmay_vboxes, uniq_grinder
D:4:      kennysheep_mini, minmay_temple_entry_from_below_a,
          lightli_sewer_entry_pipes
D:5:      first_bread, serial_shops, shop, kennysheep_mini_moat, shop,
          nicolae_shop_waterfront, roderic_malta_cross, solitary_fountain
D:6:      old_standard_altar
D:8:      overflow_temple_1_default, okawaru_trees_1, lair_0_dummy, uniq_grum,
          uniq_prince_ribbit1, uniq_blork_the_orc
